[Event "Titled Tuesday Blitz February 21 Early 2023"]
[White "Malyi, Viacheslav"]
[Black "QuiesPrecatio"]
[WhiteFideId "14123983"]
[WhiteElo "2391"]
[BlackElo "2417"]
[Result "1-0"]
[Round "10"]
[TimeControl "180+2"]
[Date "2023.02.21"]
[WhiteClock "0:00:10"]
[BlackClock "0:00:03"]

1. e4 c5 2. Nf3 Nc6 3. d4 cxd4 4. Nxd4 Nf6 5. Nc3 e5 6. Ndb5 d6 7. Nd5 Nxd5 8. exd5 Ne7 9. c3 Ng6 10. Qa4 Bd7 11. Qb4 Bf5 12. Qc4 Rc8 13. Qa4 Bd7 14. Qxa7 Be7 15. Be3 O-O 16. Qb6 Qxb6 17. Bxb6 Nf4 18. O-O-O Bf5 19. g3 Ng6 20. Bd3 Bxd3 21. Rxd3 f5 22. Kb1 e4 23. Rdd1 Ne5 24. Nd4 Nc4 25. Ba7 Ra8 26. Ne6 Rxa7 27. Nxf8 Kxf8 28. Rd4 Nb6 29. f3 exf3 30. Rf1 g6 31. Rxf3 Nd7 32. Rb4 Bf6 33. Rb5 Be5 34. b3 Ke7 35. a4 Nc5 36. Kc2 Kf6 37. a5 g5 38. b4 Ne4 39. Rb6 f4 40. g4 Kg6 41. h3 Nf6 42. c4 Ne4 43. c5 Kf7 44. c6 bxc6 45. dxc6 d5 46. a6 Bc7 47. Rb7 Rxb7 48. cxb7 Bb8 49. b5 Nd6 50. b6 Nb5 51. a7 Nxa7 52. bxa7 Bxa7 53. Rb3 f3 54. Rxf3+ Ke6 55. Rf5 Bb8 56. Kd3 h6 57. Rf8 Bc7 58. b8=Q Bxb8 59. Rxb8 Ke5 60. Rh8 1-0


[Site "https://www.chess.com"]

[Event "Titled Tuesday Blitz February 21 Early 2023"]
[White "Bas Mas, Jose Joaquin"]
[Black "Ibadov, Dashgyn"]
[WhiteFideId "22219064"]
[BlackFideId "24107514"]
[WhiteElo "2197"]
[BlackElo "2391"]
[Result "1-0"]
[Round "10"]
[TimeControl "180+2"]
[Date "2023.02.21"]
[WhiteClock "0:01:57"]
[BlackClock "0:00:11"]

1. e4 e5 2. Be2 Nf6 3. d3 Nc6 4. Nc3 Bc5 5. Bg5 h6 6. Bh4 g5 7. Bg3 d6 8. h4 g4 9. h5 a6 10. Bh4 Be6 11. Nd5 Bxd5 12. exd5 Nd4 13. Bxg4 Rg8 14. Bh3 c6 15. c3 Nb5 16. Qf3 Rg5 17. Bxg5 hxg5 18. dxc6 bxc6 19. Qxc6+ Kf8 20. Bf5 Rc8 21. Qxc8 1-0


[Site "https://www.chess.com"]

[Event "Titled Tuesday Blitz February 21 Early 2023"]
[White "Bilan, Danila"]
[Black "Iljin, Timofey"]
[WhiteFideId "24161918"]
[BlackFideId "14110180"]
[WhiteElo "2303"]
[BlackElo "2329"]
[Result "0-1"]
[Round "10"]
[TimeControl "180+2"]
[Date "2023.02.21"]
[WhiteClock "0:00:10"]
[BlackClock "0:01:06"]

1. d4 d5 2. Nf3 Nf6 3. c4 e6 4. Nc3 Bb4 5. Qb3 Nc6 6. Bg5 O-O 7. e3 h6 8. Bh4 Be7 9. Bd3 dxc4 10. Bxc4 Na5 11. Qa4 Nxc4 12. Qxc4 b6 13. Ne5 Bb7 14. Nc6 Qe8 15. Nxe7+ Qxe7 16. O-O Rac8 17. Rfd1 c5 18. dxc5 Rxc5 19. Qa4 Qc7 20. Bg3 Qc6 21. Qxc6 Rxc6 22. Be5 Rfc8 23. Bxf6 gxf6 24. Rd7 R6c7 25. Rad1 Kf8 26. f3 Ke8 27. Rxc7 Rxc7 28. Kf2 a6 29. e4 b5 30. a3 Ke7 31. Ke3 Rd7 32. Rxd7+ Kxd7 33. f4 Kd6 34. g3 Kc5 35. Kd3 a5 36. Na2 b4 37. axb4+ axb4 38. Nc1 Ba6+ 39. Ke3 Kc4 40. Nd3 Bb5 41. g4 Kb3 42. Nc5+ Kxb2 43. h4 b3 44. e5 fxe5 45. fxe5 Kc2 46. Nxb3 Kxb3 47. Kd2 Kc4 48. g5 hxg5 49. h5 Kd4 50. h6 Bd3 51. h7 Bxh7 0-1


[Site "https://www.chess.com"]

[Event "Titled Tuesday Blitz February 21 Early 2023"]
[White "Rosenberg, Evan S"]
[Black "Toncheva, Nadya"]
[WhiteFideId "2019299"]
[BlackFideId "2924056"]
[WhiteElo "1956"]
[BlackElo "2295"]
[Result "0-1"]
[Round "10"]
[TimeControl "180+2"]
[Date "2023.02.21"]
[WhiteClock "0:00:04"]
[BlackClock "0:00:17"]

1. d4 d5 2. Nf3 Nf6 3. c3 c5 4. dxc5 Nc6 5. b4 a5 6. b5 Na7 7. a4 e5 8. Nxe5 Bxc5 9. e3 O-O 10. Be2 Ne4 11. O-O Be6 12. Bb2 Nc8 13. Nd2 Nb6 14. Bd3 Bd6 15. Nef3 Nc5 16. Bc2 Bg4 17. h3 Bh5 18. Qb1 Bg6 19. Bxg6 hxg6 20. Rd1 Ncxa4 21. c4 Nxb2 22. Qxb2 Nxc4 23. Nxc4 dxc4 24. Qc3 Qc7 25. Rac1 Rfc8 26. Rd5 Bb4 27. Qc2 Rd8 28. e4 Rac8 29. Rxd8+ Rxd8 30. g3 c3 31. Kg2 Qc4 32. Ne5 Qd4 33. Nf3 Qd3 34. Ne5 Qxc2 35. Rxc2 Rd2 36. Rc1 a4 37. Nc4 Rd4 38. Nb6 Ba5 39. Nd5 Rxe4 40. Nxc3 Bxc3 41. Rxc3 Rb4 42. Rc8+ Kh7 43. Ra8 g5 44. b6 Kg6 45. g4 Kf6 46. Kg3 Rb3+ 47. f3 a3 48. Ra5 g6 49. Ra7 Rxb6 50. Rxa3 Rb2 51. Ra7 b5 52. Ra6+ Ke5 53. Rb6 f5 54. gxf5 gxf5 55. f4+ gxf4+ 56. Kf3 Rb3+ 57. Kg2 b4 58. h4 f3+ 59. Kg3 f4+ 60. Kf2 Ke4 61. Re6+ Kf5 62. Rb6 Kg4 63. h5 Rb2+ 64. Kf1 Kxh5 65. Rb8 Kg4 66. Rg8+ Kf5 67. Ke1 Ke4 68. Re8+ Kd3 69. Rd8+ Kc3 70. Rc8+ Kb3 71. Kf1 f2 72. Rc7 Rc2 73. Ra7 Kb2 74. Rf7 b3 75. Rxf4 Kb1 76. Rb4 b2 77. Ra4 Kc1 78. Rb4 b1=Q 79. Rxb1+ Kxb1 80. Kg2 Kc1 81. Kf1 Kd1 82. Kg2 Ke1 83. Kg3 f1=Q 84. Kg4 Rc4+ 85. Kg3 Qf2+ 86. Kh3 Rh4# 0-1


[Site "https://www.chess.com"]

[Event "Titled Tuesday Blitz February 21 Early 2023"]
[White "Jimenez, Joaquin"]
[Black "Jaskolka, Tomasz"]
[WhiteFideId "109860"]
[BlackFideId "1170791"]
[WhiteElo "2195"]
[BlackElo "2238"]
[Result "0-1"]
[Round "10"]
[TimeControl "180+2"]
[Date "2023.02.21"]
[WhiteClock "0:00:39"]
[BlackClock "0:00:07"]

1. Nf3 d5 2. g3 Nd7 3. Bg2 e5 4. d3 Ngf6 5. O-O Bd6 6. Nbd2 c6 7. e4 O-O 8. Re1 Re8 9. h3 Nf8 10. c3 Be6 11. Qc2 Ng6 12. Nf1 Rc8 13. Bg5 h6 14. Be3 Qd7 15. g4 h5 16. g5 Bxh3 17. gxf6 Qg4 18. Ng3 Bxg2 19. Kxg2 Nf4+ 20. Bxf4 exf4 21. Nh2 Qg6 22. Nf1 fxg3 23. fxg3 Re5 24. exd5 Rg5 25. Re3 h4 26. Qf2 cxd5 27. Rae1 gxf6 28. Rf3 Kg7 29. Ree3 d4 30. cxd4 Rc1 31. Re4 Rxf1 32. Kxf1 hxg3 33. Qg2 Rh5 34. Ree3 Rh2 35. Rxg3 Rxg2 36. Kxg2 Bxg3 37. Rxg3 f5 38. Kf3 Kf6 39. Rxg6+ fxg6 40. b4 Ke6 41. Kf4 Kd5 42. Ke3 g5 43. a4 f4+ 44. Kf3 Kxd4 45. Kg4 Kxd3 0-1


[Site "https://www.chess.com"]

[Event "Titled Tuesday Blitz February 21 Early 2023"]
[White "Jimenez Jimenez, Leandro"]
[Black "Novikov, Evgenij"]
[WhiteFideId "6415253"]
[BlackFideId "4125380"]
[WhiteElo "2146"]
[BlackElo "2276"]
[Result "1-0"]
[Round "10"]
[TimeControl "180+2"]
[Date "2023.02.21"]
[WhiteClock "0:01:46"]
[BlackClock "0:02:23"]

1. d4 d5 2. c4 e6 3. Nc3 a6 4. c5 b6 5. cxb6 cxb6 6. Nf3 Bd6 7. Bg5 Ne7 8. e3 h6 9. Bh4 Nd7 10. Bd3 Bb7 11. Qe2 b5 12. O-O Nb6 13. Rfc1 1-0


[Site "https://www.chess.com"]

[Event "Titled Tuesday Blitz February 21 Early 2023"]
[White "Koridze, Lile"]
[Black "Turzo, Attila"]
[WhiteFideId "13612514"]
[BlackFideId "704954"]
[WhiteElo "2191"]
[BlackElo "2279"]
[Result "0-1"]
[Round "10"]
[TimeControl "180+2"]
[Date "2023.02.21"]
[WhiteClock "0:01:52"]
[BlackClock "0:01:05"]

1. d4 Nf6 2. c4 e6 3. Nf3 d5 4. g3 Bb4+ 5. Bd2 Be7 6. Bg2 O-O 7. O-O Nbd7 8. Qc2 c6 9. b3 b6 10. Bf4 Ba6 11. Rd1 Rc8 12. Nc3 b5 13. e4 bxc4 14. Nd2 cxb3 15. axb3 Qb6 16. e5 Ne8 17. Na4 Qb4 18. Nc3 Nc7 19. Ra4 Qb6 20. Be3 c5 21. Nf3 cxd4 22. Nxd4 Qb7 23. Rda1 Nxe5 24. Bf4 Nc6 25. Bxc7 Nxd4 26. Qd1 Qxc7 27. Qxd4 Bf6 0-1


[Site "https://www.chess.com"]

[Event "Titled Tuesday Blitz February 21 Early 2023"]
[White "I_KID_you_not"]
[Black "Khamdamova, Afruza"]
[BlackFideId "14210444"]
[WhiteElo "2364"]
[BlackElo "2162"]
[Result "0-1"]
[Round "10"]
[TimeControl "180+2"]
[Date "2023.02.21"]
[WhiteClock "0:00:45"]
[BlackClock "0:00:04"]

1. e4 e5 2. Bc4 Nf6 3. d3 c6 4. Nf3 d5 5. Bb3 Bd6 6. Nc3 d4 7. Ne2 O-O 8. O-O Bg4 9. Ng3 Qd7 10. h3 Be6 11. c3 dxc3 12. bxc3 Bxb3 13. Qxb3 Na6 14. Bg5 Nc5 15. Qc2 Qe6 16. Nf5 Bc7 17. Rfe1 Rad8 18. Rad1 Rd7 19. d4 Na6 20. d5 cxd5 21. exd5 Nxd5 22. c4 Ndb4 23. Qe4 Nc5 24. Qg4 g6 25. Nh6+ Kg7 26. Qh4 Rxd1 27. Rxd1 f6 28. Be3 Ncd3 29. Ng4 e4 30. Nd4 Qf7 31. Bh6+ Kg8 32. Bxf8 Kxf8 33. Ne3 Bb6 34. Nb3 f5 35. Qg3 f4 36. Qg4 fxe3 37. Qc8+ Kg7 38. fxe3 Bxe3+ 39. Kh2 Qf4+ 0-1


[Site "https://www.chess.com"]

[Event "Titled Tuesday Blitz February 21 Early 2023"]
[White "Cunha, Lucas Aguiar"]
[Black "Melikhov, Evgeny V."]
[WhiteFideId "2125404"]
[BlackFideId "4122046"]
[WhiteElo "2309"]
[BlackElo "2269"]
[Result "1-0"]
[Round "10"]
[TimeControl "180+2"]
[Date "2023.02.21"]
[WhiteClock "0:01:48"]
[BlackClock "0:00:04"]

1. e4 e5 2. Nf3 Nc6 3. Nc3 Nf6 4. Bb5 Bb4 5. O-O O-O 6. d3 d6 7. Bg5 Bxc3 8. bxc3 h6 9. Bh4 a6 10. Bxc6 bxc6 11. Re1 Qe7 12. Nd2 Qe6 13. Nf1 Qg4 14. Bxf6 Qxd1 15. Rexd1 gxf6 16. Ne3 h5 17. Rdb1 Kg7 18. f3 Kg6 19. g4 h4 20. Kg2 Kg5 21. Kf2 Be6 22. Rb7 Rfc8 23. a4 d5 24. h3 Rab8 25. Rab1 Rxb7 26. Rxb7 Kg6 27. Ra7 Rb8 28. Rxa6 Rb2 29. Rxc6 d4 30. cxd4 exd4 31. Ng2 Bb3 32. Ne1 Bxa4 33. Rxc7 Rb1 34. Rc4 Ra1 35. Rxd4 Bb5 36. Ng2 Rc1 37. Ne3 Bc6 38. Rd6 Ba4 39. e5 Rh1 40. Rxf6+ Kg7 41. Nf5+ Kg8 42. Nh6+ Kg7 43. Nxf7 Rh2+ 44. Ke3 Rxh3 45. Ng5 Rh1 46. Ne6+ Kg8 47. g5 h3 48. g6 1-0


[Site "https://www.chess.com"]

[Event "Titled Tuesday Blitz February 21 Early 2023"]
[White "Liu, Casper"]
[Black "Zacurdajev, Dmitry"]
[WhiteFideId "1454153"]
[BlackFideId "4196309"]
[WhiteElo "2278"]
[BlackElo "2273"]
[Result "0-1"]
[Round "10"]
[TimeControl "180+2"]
[Date "2023.02.21"]
[WhiteClock "0:00:19"]
[BlackClock "0:00:28"]

1. d4 d5 2. Bf4 e6 3. e3 Bd6 4. Nd2 Nf6 5. Bd3 O-O 6. Ne2 b6 7. O-O c5 8. Bxd6 Qxd6 9. dxc5 bxc5 10. c4 Bb7 11. cxd5 exd5 12. Nc4 Qe7 13. Na5 Ba6 14. Nc6 Nxc6 15. Bxa6 Rab8 16. b3 Ne4 17. Rc1 Rfd8 18. Bd3 Nb4 19. Bxe4 dxe4 20. Qe1 Nd3 21. Qa5 Nxc1 22. Rxc1 Rbc8 23. Nf4 h6 24. g3 Qe5 25. Rc2 Qf5 26. Kg2 Qg4 27. Rxc5 Qf3+ 28. Kh3 Rxc5 29. Qxc5 Qxf2 30. Qe7 Rd2 31. Qe8+ Kh7 32. Qxf7 Qf1+ 33. Kg4 Qf3+ 34. Kh3 Qf1+ 35. Kg4 Qd1+ 36. Kf5 Rd6 37. Kxe4 Qh1+ 38. Ke5 Rf6 39. Qxa7 Qa1+ 40. Ke4 Qh1+ 41. Ke5 Qf3 42. e4 Qc3+ 43. Qd4 Qc7+ 44. Kd5 Rd6+ 45. Ke5 Qe7+ 46. Kf5 Qg5# 0-1


[Site "https://www.chess.com"]

[Event "Titled Tuesday Blitz February 21 Early 2023"]
[White "Miszler, Levente"]
[Black "Goroshkov, Maksym"]
[WhiteFideId "763276"]
[BlackFideId "14142716"]
[WhiteElo "2271"]
[BlackElo "2287"]
[Result "1/2-1/2"]
[Round "10"]
[TimeControl "180+2"]
[Date "2023.02.21"]
[WhiteClock "0:00:23"]
[BlackClock "0:00:37"]

1. Nf3 Nf6 2. c4 g6 3. g3 Bg7 4. Bg2 O-O 5. O-O c5 6. Nc3 Nc6 7. d3 e5 8. a3 d6 9. Rb1 a5 10. Ne1 Bf5 11. Nc2 Qd7 12. b4 axb4 13. axb4 Bh3 14. bxc5 dxc5 15. Ne3 Bxg2 16. Kxg2 Nd4 17. Ned5 Nxd5 18. Nxd5 b5 19. e3 Ne6 20. Rxb5 f5 21. Kg1 f4 22. exf4 exf4 23. Nxf4 Nd4 24. Rb1 Ra2 25. Be3 g5 26. Bxd4 Bxd4 27. Ne2 Qg4 28. Nxd4 Qxd4 29. Qe1 Rf7 30. Rb8+ Kg7 31. Qe4 Qf6 32. Qe8 Rxf2 33. Qh8+ Kh6 34. Qxf6+ R2xf6 35. Rxf6+ Rxf6 36. Rd8 Rf3 37. Rd5 Kg6 38. Kg2 g4 39. h3 h5 40. hxg4 hxg4 41. Kh2 Rf2+ 42. Kg1 Rf3 43. Kg2 Kf6 44. Rd6+ Kf5 45. Rd5+ Kf6 46. Rxc5 Rxd3 47. Rd5 Rc3 48. Rd4 Rc2+ 49. Kf1 Kf5 50. Rf4+ Kg5 51. Rd4 Kf5 52. Rd5+ Ke4 53. Rd8 Rxc4 54. Rf8 Rc1+ 55. Kf2 Rc2+ 56. Kf1 Ke3 57. Rf4 Rd2 58. Rxg4 Kf3 59. Rf4+ Kxg3 60. Rf8 Rd5 61. Rg8+ 1/2-1/2


[Site "https://www.chess.com"]

[Event "Titled Tuesday Blitz February 21 Early 2023"]
[White "Sreyas Payyappat"]
[Black "Tologon tegin, Semetei"]
[WhiteFideId "46674969"]
[BlackFideId "13800574"]
[WhiteElo "2076"]
[BlackElo "2372"]
[Result "1-0"]
[Round "10"]
[TimeControl "180+2"]
[Date "2023.02.21"]
[WhiteClock "0:00:19"]
[BlackClock "0:00:03"]

1. e4 c5 2. Nf3 Nc6 3. d4 cxd4 4. Nxd4 Nf6 5. Nc3 e5 6. Ndb5 d6 7. Bg5 a6 8. Na3 b5 9. Nd5 Be7 10. Bxf6 Bxf6 11. c4 b4 12. Nc2 O-O 13. Ncxb4 Nxb4 14. Nxb4 Qa5 15. Qd2 Bg5 16. Qxg5 Qxb4+ 17. Qd2 Qb6 18. Bd3 Rb8 19. b3 f5 20. O-O f4 21. Be2 Bb7 22. Bf3 g5 23. Rad1 Rf6 24. Kh1 Kh8 25. g3 fxg3 26. fxg3 Rxf3 27. Rxf3 Bxe4 28. Qe2 Qc6 29. Rd5 Bxd5 30. cxd5 Qxd5 31. Kg1 Rc8 32. Rd3 Rc1+ 33. Kf2 Qc5+ 34. Kg2 g4 35. Rd1 Rc2 36. Rd2 Qc6+ 37. Kf2 Qc5+ 38. Kg2 Rc1 39. Qxg4 Qg1+ 40. Kh3 Qf1+ 41. Kh4 Qf6+ 42. Qg5 Qf8 43. Rxd6 1-0


[Site "https://www.chess.com"]

[Event "Titled Tuesday Blitz February 21 Early 2023"]
[White "Florescu, Codrut-Constantin"]
[Black "Fernandez Garcia, Gumersindo"]
[WhiteFideId "1202200"]
[BlackFideId "24516740"]
[WhiteElo "2259"]
[BlackElo "2160"]
[Result "0-1"]
[Round "10"]
[TimeControl "180+2"]
[Date "2023.02.21"]
[WhiteClock "0:00:19"]
[BlackClock "0:01:08"]

1. e4 Nf6 2. e5 Nd5 3. d4 Nb6 4. Nf3 d6 5. Be2 g6 6. O-O Bg7 7. Nc3 O-O 8. h3 Nc6 9. Bf4 Bf5 10. g4 dxe5 11. dxe5 Be6 12. b3 Nd5 13. Nxd5 Qxd5 14. Qxd5 Bxd5 15. Rfe1 f6 16. exf6 Rxf6 17. Bg5 Rxf3 18. Bxf3 Bxf3 19. Rab1 Bf6 20. Bxf6 exf6 21. Re3 Ne5 22. Kh2 g5 23. Kg3 Bc6 24. f4 gxf4+ 25. Kxf4 Kf7 26. Rd1 h5 27. g5 Ng6+ 28. Kf5 Ne7+ 29. Rxe7+ Kxe7 30. Re1+ Kf8 31. gxf6 Re8 32. Rd1 Be4+ 33. Kg5 Bc6 34. c4 Re3 35. h4 Rg3+ 36. Kf5 Kf7 37. Rd8 Rf3+ 38. Kg5 Rxf6 39. Rc8 Rg6+ 40. Kf5 Bd7+ 0-1


[Site "https://www.chess.com"]

[Event "Titled Tuesday Blitz February 21 Early 2023"]
[White "Yurovskykh, Oleksandr"]
[Black "Lerch, Philipp"]
[WhiteFideId "14134020"]
[BlackFideId "4654129"]
[WhiteElo "2328"]
[BlackElo "2305"]
[Result "1-0"]
[Round "10"]
[TimeControl "180+2"]
[Date "2023.02.21"]
[WhiteClock "0:00:21"]
[BlackClock "0:00:11"]

1. d4 f5 2. Nc3 Nf6 3. Bg5 d5 4. e3 e6 5. Nf3 c6 6. Bd3 Bd6 7. Ne2 O-O 8. O-O Bd7 9. Bf4 Be7 10. c4 Be8 11. Qb3 Qc8 12. Rfc1 Bh5 13. Ne5 Na6 14. cxd5 exd5 15. Bxa6 bxa6 16. Nxc6 Qe8 17. Nxe7+ Qxe7 18. Nc3 Rad8 19. Be5 Qe6 20. f3 Bf7 21. Na4 Nd7 22. Nc5 Nxc5 23. Rxc5 Rd7 24. Rac1 Qh6 25. Qc3 Re8 26. Rc8 Rdd8 27. Rxd8 Rxd8 28. Bf4 g5 29. Be5 g4 30. f4 g3 31. hxg3 Qg6 32. Kf2 Qb6 33. b3 Rd7 34. Qc8+ Qd8 35. Qxd8+ Rxd8 36. Rc7 Be6 37. Rxa7 Kf8 38. Rxh7 Rc8 39. Rc7 Rxc7 40. Bxc7 Ke7 41. Be5 Kd7 42. Ke2 Kc6 43. Kd2 a5 44. Kc3 Kb5 45. a4+ Ka6 46. Bf6 Kb7 47. Bd8 Ka6 48. b4 axb4+ 49. Kxb4 Kb7 50. a5 Kc6 51. Bb6 Bc8 52. Kc3 Ba6 53. g4 fxg4 54. g3 Bc8 55. Kb4 Bf5 56. Bd8 Be4 57. a6 Bf5 58. a7 Kb7 59. Bb6 Be4 60. Kc5 Bf5 61. Kd6 Be4 62. Bc5 Bf3 63. f5 Be4 64. f6 1-0


[Site "https://www.chess.com"]

[Event "Titled Tuesday Blitz February 21 Early 2023"]
[White "Pourkashiyan, Atousa"]
[Black "gshwbedhkhd"]
[WhiteFideId "12502014"]
[WhiteElo "2282"]
[BlackElo "2556"]
[Result "1/2-1/2"]
[Round "10"]
[TimeControl "180+2"]
[Date "2023.02.21"]
[WhiteClock "0:00:17"]
[BlackClock "0:00:09"]

1. e4 c5 2. Nf3 e6 3. d4 cxd4 4. Nxd4 Nf6 5. Nc3 Nc6 6. Ndb5 Bc5 7. Nd6+ Ke7 8. Bf4 e5 9. Nf5+ Kf8 10. Bg5 Bb4 11. Bc4 h6 12. Bxf6 Qxf6 13. O-O Bxc3 14. bxc3 d5 15. Qxd5 Bxf5 16. exf5 Qxf5 17. f4 Rd8 18. Qc5+ Kg8 19. fxe5 Qxe5 20. Bxf7+ Kh7 21. Qc4 Rhf8 22. Rae1 Qg5 23. Qe4+ Kh8 24. Rf5 Qd2 25. Ref1 Qxc3 26. Kh1 Qb4 27. Qe2 Nd4 28. Qe4 Qc3 29. R5f2 Qc6 30. Qg4 Qc5 31. h3 Nc6 32. Rf3 Ne5 33. Qh5 Qe7 34. Rf5 Rxf7 35. Rxf7 Nxf7 36. Qxf7 Qxf7 37. Rxf7 b6 38. Rxa7 Rd2 39. Rc7 Rd1+ 40. Kh2 Ra1 41. Rc6 Rxa2 42. Rxb6 Rxc2 43. Rb5 Rc8 44. Rb4 Rf8 45. Rg4 Kg8 46. Kg3 Kh7 47. Rf4 Rxf4 48. Kxf4 Kg6 49. Kg4 Kf6 50. Kf4 Kg6 51. g4 Kf6 52. h4 g5+ 53. hxg5+ hxg5+ 54. Kf3 Ke5 55. Ke3 Kd5 56. Kd3 Ke5 57. Ke3 Kd5 58. Kd3 Ke5 59. Ke3 1/2-1/2


[Site "https://www.chess.com"]

[Event "Titled Tuesday Blitz February 21 Early 2023"]
[White "Rego, Pedro Filipe"]
[Black "Hirneise, Jens"]
[WhiteFideId "1904310"]
[BlackFideId "24614734"]
[WhiteElo "2312"]
[BlackElo "2277"]
[Result "1-0"]
[Round "10"]
[TimeControl "180+2"]
[Date "2023.02.21"]
[WhiteClock "0:00:34"]
[BlackClock "0:00:17"]

1. e4 e6 2. d4 d5 3. Nc3 Nf6 4. Bg5 dxe4 5. Nxe4 Nbd7 6. Nxf6+ Nxf6 7. Nf3 c5 8. dxc5 Qa5+ 9. c3 Qxc5 10. Qd4 Qxd4 11. Nxd4 Bd7 12. Bb5 Bc5 13. O-O-O Bxb5 14. Nxb5 Ke7 15. Rd2 Rad8 16. Rhd1 Rxd2 17. Rxd2 Rd8 18. Rxd8 Kxd8 19. f3 a6 20. Nd4 Bxd4 21. cxd4 Kd7 22. Bxf6 gxf6 23. Kc2 Kd6 24. Kc3 Kd5 25. b3 h5 26. g3 f5 27. Kd3 f6 28. h3 b5 29. a3 a5 30. g4 hxg4 31. fxg4 fxg4 32. hxg4 e5 33. dxe5 Kxe5 34. Ke3 Kd5 35. Kf4 a4 36. bxa4 bxa4 37. Kf5 Kc4 38. Kxf6 Kb3 39. g5 Kxa3 40. g6 Kb3 41. g7 a3 42. g8=Q+ Kb2 43. Qg2+ Kb1 44. Qf1+ Kb2 45. Qe2+ Kb1 46. Qb5+ Ka1 47. Qe5+ Kb1 48. Qe4+ Kb2 49. Qb4+ Ka2 50. Ke5 Ka1 51. Qxa3+ 1-0


[Site "https://www.chess.com"]

[Event "Titled Tuesday Blitz February 21 Early 2023"]
[White "Fiorito, Francisco"]
[Black "Carrasco Miranda, Andres"]
[WhiteFideId "180165"]
[BlackFideId "3405990"]
[WhiteElo "2305"]
[BlackElo "2240"]
[Result "1-0"]
[Round "10"]
[TimeControl "180+2"]
[Date "2023.02.21"]
[WhiteClock "0:02:38"]
[BlackClock "0:01:47"]

1. d4 Nf6 2. Nc3 d5 3. Bf4 g6 4. e3 Bg7 5. Be2 c5 6. Nb5 Na6 7. c3 O-O 8. h4 h5 9. Nf3 Bg4 10. Ne5 Bxe2 11. Qxe2 Nd7 12. O-O-O Nxe5 13. dxe5 Qa5 14. Kb1 c4 15. Nd4 e6 16. g4 hxg4 17. h5 Nc5 18. hxg6 fxg6 19. Qxg4 Kf7 20. Rdg1 Rg8 21. Qxg6+ Ke7 22. Rh7 1-0


[Site "https://www.chess.com"]

[Event "Titled Tuesday Blitz February 21 Early 2023"]
[White "Fisher_TheGalactic"]
[Black "Uzcategui Rodriguez, Alejandro"]
[BlackFideId "3903400"]
[WhiteElo "2535"]
[BlackElo "2255"]
[Result "1-0"]
[Round "10"]
[TimeControl "180+2"]
[Date "2023.02.21"]
[WhiteClock "0:01:25"]
[BlackClock "0:00:52"]

1. Nf3 e6 2. d4 Nf6 3. c4 d5 4. Nc3 dxc4 5. e3 a6 6. Bxc4 b5 7. Bb3 Bb7 8. O-O Nbd7 9. a3 Be7 10. d5 exd5 11. Nxd5 Nxd5 12. Bxd5 Bxd5 13. Qxd5 O-O 14. Rd1 Nb6 15. Qb3 Qc8 16. Bd2 Nc4 17. Bc3 Qg4 18. h3 Qh5 19. Nd4 Bd6 20. Nf3 Rab8 21. Rd4 Rfe8 22. Rad1 Bf8 23. Rh4 Qf5 24. Rf4 Qg6 25. Rg4 Qh5 26. Qc2 Rbd8 27. Rxd8 Rxd8 28. Ng5 Rd5 29. Nf3 Rd7 30. Qe4 Qd5 31. Qe8 g6 32. Rd4 Re7 33. Qxe7 Qxd4 34. Qxf8+ Kxf8 35. Nxd4 1-0


[Site "https://www.chess.com"]

[Event "Titled Tuesday Blitz February 21 Early 2023"]
[White "Avazkhonov, Alikhon"]
[Black "Padmini, Rout"]
[WhiteFideId "14208504"]
[BlackFideId "5029295"]
[WhiteElo "1538"]
[BlackElo "2375"]
[Result "1/2-1/2"]
[Round "10"]
[TimeControl "180+2"]
[Date "2023.02.21"]
[WhiteClock "0:00:03"]
[BlackClock "0:00:16"]

1. d4 Nf6 2. c4 c5 3. d5 b5 4. cxb5 a6 5. e3 g6 6. Nc3 Bg7 7. Nf3 O-O 8. a4 d6 9. e4 Bb7 10. bxa6 Nxa6 11. Be2 e6 12. O-O exd5 13. exd5 Nb4 14. Bc4 Re8 15. h3 Ne4 16. Qb3 Rb8 17. Re1 Nf6 18. Rxe8+ Qxe8 19. Bf4 Qd7 20. Rd1 Ba6 21. Bxa6 Nxa6 22. Nb5 Nc7 23. Rb1 Nxb5 24. axb5 Rxb5 25. Qa4 Qb7 26. Bxd6 Nxd5 27. Ne5 Nc3 28. Qc4 Nxb1 29. Nxf7 Qxf7 30. Qxb5 h5 31. Qxc5 Nd2 32. b4 Kh7 33. Qe3 Nc4 34. Qg3 Qd5 35. Bc5 Qd1+ 36. Kh2 Nd2 37. Qg5 Nf1+ 38. Kh1 Ng3+ 39. Kh2 Ne4 40. Qe7 Nxc5 41. bxc5 Qc2 42. f4 Qf5 43. Qc7 Kh6 44. c6 Bf8 45. Qb8 Kh7 46. Qc7+ Kg8 47. Qb8 Qe4 48. g3 Qe2+ 49. Kh1 Qf1+ 50. Kh2 Qf2+ 51. Kh1 Qxg3 52. c7 Qf3+ 53. Kg1 Qg3+ 54. Kf1 Qxf4+ 55. Ke2 Qe4+ 56. Kd2 Qd4+ 57. Kc2 Qe4+ 58. Kb3 Qd5+ 59. Kb2 Qd2+ 60. Kb3 Qd5+ 61. Kc3 Qc5+ 62. Kb3 Qd5+ 1/2-1/2


[Site "https://www.chess.com"]

[Event "Titled Tuesday Blitz February 21 Early 2023"]
[White "Krzywda, Andrzej"]
[Black "Yurasova, Daria"]
[WhiteFideId "1114565"]
[BlackFideId "34146919"]
[WhiteElo "2223"]
[BlackElo "2095"]
[Result "0-1"]
[Round "10"]
[TimeControl "180+2"]
[Date "2023.02.21"]
[WhiteClock "0:00:01"]
[BlackClock "0:00:04"]

1. e4 e5 2. Nf3 Nc6 3. Bb5 a6 4. Ba4 Nf6 5. d3 b5 6. Bb3 Bc5 7. O-O d6 8. c3 Bb6 9. a4 Bb7 10. Be3 Bxe3 11. fxe3 O-O 12. Nbd2 d5 13. axb5 axb5 14. Rxa8 Bxa8 15. exd5 Nxd5 16. Qe2 b4 17. Bxd5 Qxd5 18. c4 Qd7 19. Ne4 Rd8 20. Nfg5 f5 21. Nc5 Qe7 22. Qh5 g6 23. Qh6 Re8 24. Nb3 Qg7 25. Qh4 Nd8 26. e4 f4 27. Nf3 Nf7 28. Qf2 Qf6 29. Qa7 Qd6 30. Rd1 Bxe4 31. Qa4 Bxf3 32. Qxe8+ Kg7 33. gxf3 Ng5 34. Kf2 Nh3+ 35. Ke2 Ng5 36. Qc8 Qf6 37. Qxc7+ Kh6 38. Qb7 Qf5 39. Kd2 Qh3 40. Kc2 Qg2+ 41. Rd2 Qh3 42. Kb1 Nxf3 43. Rf2 Nxh2 44. Qh1 Qxd3+ 45. Ka2 Qxc4 46. Rxh2+ Kg7 47. Rxh7+ Kf6 48. Qh4+ Kf5 49. Qh3+ Ke4 50. Qg2+ Kf5 51. Rf7+ Qxf7 52. Qc2+ e4 53. Kb1 Qd5 54. Qc8+ Ke5 55. Qe8+ Qe6 0-1


[Site "https://www.chess.com"]

[Event "Titled Tuesday Blitz February 21 Early 2023"]
[White "Corredor Castellanos, Camilo"]
[Black "Deng, Henry"]
[WhiteFideId "4425871"]
[BlackFideId "30965454"]
[WhiteElo "1957"]
[BlackElo "2168"]
[Result "0-1"]
[Round "10"]
[TimeControl "180+2"]
[Date "2023.02.21"]
[WhiteClock "0:02:33"]
[BlackClock "0:02:25"]

1. Nf3 d5 2. g3 Nf6 3. Bg2 g6 4. O-O Bg7 5. d3 O-O 6. Nbd2 Nbd7 7. e4 e5 8. exd5 Nxd5 9. c3 Re8 10. Qc2 c6 11. Ne4 Qc7 12. h4 h6 13. a3 f5 14. Ned2 Nc5 15. b4 Nxd3 16. Qxd3 e4 17. Qc4 exf3 18. Bxf3 Be6 19. Bxd5 Bxd5 20. Qd3 Rad8 21. Bb2 Bb3 0-1


[Site "https://www.chess.com"]